 Dungeon Crawl Stone Soup version 0.16.2-12-gd0ad4c3 (webtiles) character file.

75 Kloppie the Cudgeler (level 4, -5/50 HPs)
             Began as an Ogre Berserker on Oct 27, 2015.
             Was a Believer of Trog.
             Slain by Robin
             ... wielding a +0 trident
              (6 damage)
             ... on level 2 of the Dungeon.
             The game lasted 00:02:36 (1504 turns).

Kloppie the Cudgeler (Ogre Berserker)               Turns: 1504, Time: 00:02:36

Health: -5/50      AC:  3    Str: 22    XL:     4   Next: 31%
Magic:  4/4        EV: 10    Int:  6    God:    Trog [**....]
Gold:   150        SH:  0    Dex: 10    Spells: 0 memorised, 3 levels left

rFire  . . .     SeeInvis .     a - +0 mace
rCold  . . .     Clarity  .     b - +0 animal skin
rNeg   . . .     SustAb   .     (shield restricted)
rPois  .         Gourm    .     (helmet restricted)
rElec  .         Spirit   .     (no cloak)
rCorr  .         Warding  .     (gloves unavailable)
rMut   .         Stasis   .     (boots unavailable)
MR     .....                    (no amulet)
Stlth  +.........               (no ring)
                                (no ring)

@: exhausted, slowed, very slow, not resistant to hostile enchantments, very
unstealthy
A: unfitting armour, tough skin 1
a: Burn Spellbooks, Berserk, Trog's Hand, Renounce Religion


You were on level 2 of the Dungeon.
You worshipped Trog.
Trog was pleased with you.
You were very hungry.

You visited 1 branch of the dungeon, and saw 2 of its levels.

You collected 150 gold pieces.

Inventory:

Hand weapons
 a - a +0 mace (weapon)
Armour
 b - a +0 animal skin (worn)
Scrolls
 e - a scroll of noise {unknown}
 g - 4 scrolls of identify {unknown}
 o - a scroll of teleportation {unknown}
Potions
 d - a potion of mutation {unknown}
 h - 2 potions of haste {unknown}
 i - a potion of heal wounds {unknown}
 j - a potion of restore abilities {unknown}
 l - 2 potions of lignification {unknown}
 m - a potion of degeneration {unknown}
 n - a potion of brilliance {unknown}
Comestibles
 c - a meat ration
 f - 2 fruits
 k - a beef jerky


   Skills:
 + Level 5.4 Fighting
 + Level 5.4 Maces & Flails
 - Level 1.5 Armour
 - Level 1.7 Dodging


You had 3 spell levels left.
You didn't know any spells.

Dungeon Overview and Level Annotations

Branches:
Dungeon (2/15)

Altars:
Nemelex Xobeh

Annotations:
D:2 Robin


Innate Abilities, Weirdness & Mutations

You are too large for most types of armour.
You have tough skin (AC +1).


Message History

* * * LOW HITPOINT WARNING * * *
Robin hits you with a trident.
* * * LOW HITPOINT WARNING * * *
You miss Robin.
Robin is moderately wounded.
Robin closely misses you.
You hit Robin but do no damage.
Robin is moderately wounded.
Robin says, "My army is invincible!"
Robin barely misses you. Robin misses you.
You hit Robin.
Robin is heavily wounded.
Robin hits you with a trident!
* * * LOW HITPOINT WARNING * * *
You barely miss Robin.
Robin is heavily wounded.
Robin hits you with a trident!
* * * LOW HITPOINT WARNING * * *
Robin hits you with a trident.
You die...

#.. #.##. #.# #.##.
#########.###....
#(.........#####.
#.#######..# #.
#†#######..#####.
#)##........†....
#####)##.####..#####.
#######...@).†.......#
#.
#.......)g.....#.......
..
#.#####.###.####.###.###
## #. #.# #.# #.# #.# #.
#.# #.# #.# gg #.# #.#
#.# ## #.# #.# . #.# #..
#.# ###


You could see Robin.

Vanquished Creatures
  Jessica (D:2)
  An adder (D:1)
  A worm (D:2)
  A giant gecko (D:2)
  4 bats
  A giant cockroach (D:2)
  5 hobgoblins
  2 jackals (D:1)
  4 kobolds
  2 quokkas (D:2)
  A ball python (D:2)
  5 giant newts
  10 goblins
  A rat (D:2)
39 creatures vanquished.

Notes
Turn   | Place    | Note
--------------------------------------------------------------
     0 | D:1      | Kloppie, the Ogre Berserker, began the quest for the Orb.
     0 | D:1      | Reached XP level 1. HP: 24/24 MP: 1/1
    95 | D:1      | Reached XP level 2. HP: 26/33 MP: 2/2
   649 | D:2      | Noticed Jessica
   659 | D:1      | Reached skill level 5 in Maces & Flails
   659 | D:1      | Reached XP level 3. HP: 8/40 MP: 3/3
   957 | D:2      | Killed Jessica
  1000 | D:2      | Reached skill level 5 in Fighting
  1010 | D:2      | Found a sparkling altar of Nemelex Xobeh.
  1214 | D:2      | Reached XP level 4. HP: 44/50 MP: 4/4
  1466 | D:2      | Noticed Robin
  1484 | D:2      | Acquired Trog's second power
  1504 | D:2      | HP: 1/50 [Robin/trident (9)]
  1504 | D:2      | Slain by Robin

Action                   |  1- 3 |  4- 6 || total
-------------------------+-------+-------++-------
Melee: Mace              |    74 |    46 ||   120
Invok: Berserk           |       |     1 ||     1
  Eat: Chunk             |     1 |     1 ||     2
